 Dungeon Crawl Stone Soup version 0.31.0-32-g396128a36d (webtiles) character file.

Game seed: 15864310579779312918

25667 MuskelNinja the Severer (level 12, 0/122 HPs)
             Began as a Minotaur Berserker on Mar 18, 2024.
             Was a High Priest of Trog.
             Killed from afar by a swamp dragon (3 damage)
             ... with a blast of poison
             ... on level 1 of the Swamp.
             The game lasted 00:32:25 (11091 turns).

MuskelNinja the Severer (Minotaur Berserker)       Turns: 11091, Time: 00:32:26

Health: 0/122      AC: 16    Str: 33    XL:     12   Next: 91%
Magic:  0/11       EV: 14    Int:  4    God:    Trog [*****.]
Gold:   846        SH:  7    Dex: 10    Spells: 11/11 levels left

rFire   . . .        e - +11 broad axe of Ijuit {vamp, rC+}
rCold   + + +        I - +1 kite shield {rF+}
rNeg    . . .        y - +3 ice dragon scales of the Spider Nest {rF- rC++ Will+ rCorr}
rPois   .            V - +2 hat
rElec   .            b - scarf {repulsion}
rCorr   +            g - +0 pair of gloves
SInv    .            (no boots)
Will    +++..        a - amulet of guardian spirit Stlth
                     n - +5 ring of evasion
HPRegen 1.40/turn    P - +6 ring of strength
MPRegen 0.12/turn

%: repel missiles, guardian spirit
@: lethally poisoned (0 -> -10), strong-willed, on berserk cooldown,
regenerating, slowed, very slow
A: horns 2, retaliatory headbutt
a: Renounce Religion, Berserk, Trog's Hand, Brothers in Arms


You were on level 1 of the Swamp.
You worshipped Trog.
Trog was extremely pleased with you.
You visited 3 branches of the dungeon, and saw 13 of its levels.
You also visited: Ossuary and Bailey.

You collected 846 gold pieces.

Inventory:

Hand Weapons
 d - a +5 broad axe
 e - the +11 broad axe of Ijuit (weapon) {vamp, rC+}
   (You found it on level 2 of the Dungeon)

   rC+:       It protects you from cold.
 B - the +6 shillelagh "Devastator" {shatter}
   (You found it on level 5 of the Dungeon)
 N - a +3 battleaxe of freezing
 R - the +6 whip "Emolikie" {venom, Int+3}
   (You found it on level 10 of the Dungeon)

   Int+3:     It affects your intelligence (+3).
 T - the +1 dire flail "Acvaalid" {flame, rC+ Will- Str+3}
   (You took it off a two-headed ogre on level 10 of the Dungeon)

   Str+3:     It affects your strength (+3).
   rC+:       It protects you from cold.
   Will-:     It decreases your willpower.
Missiles
 f - 5 throwing nets
Armour
 b - a scarf of repulsion (worn)
 g - a +0 pair of gloves (worn)
 y - the +3 ice dragon scales of the Spider Nest (worn) {rF- rC++ Will+ rCorr}
   (You found it in a bailey)

   rF-:       It makes you vulnerable to fire.
   rC++:      It greatly protects you from cold.
   Will+:     It increases your willpower.
   rCorr:     It protects you from acid and corrosion.
 C - a +1 cloak
 I - a +1 kite shield of fire resistance (worn)
 V - a +2 hat (worn)
Jewellery
 a - an amulet of guardian spirit (around neck)
 n - a +5 ring of evasion (left hand)
 v - a +6 ring of intelligence
 F - a ring of protection from cold
 P - a +6 ring of strength (right hand)
Wands
 j - a wand of flame (24)
 q - a wand of iceblast (10)
 u - a wand of charming (9)
Scrolls
 c - 4 scrolls of summoning
 o - a scroll of brand weapon
 r - 2 scrolls of poison
 x - 2 scrolls of enchant weapon
 E - 2 scrolls of fear
 G - 3 scrolls of blinking
 K - 2 scrolls of fog
 L - 3 scrolls of teleportation
 M - a scroll of immolation
 O - a scroll of torment
 W - a scroll of revelation
 X - a scroll of enchant armour
Potions
 h - 4 potions of curing
 i - 2 potions of resistance
 k - 3 potions of ambrosia
 l - 2 potions of brilliance
 m - a potion of attraction {unknown}
 p - 2 potions of lignification
 s - 3 potions of invisibility
 w - a potion of enlightenment
 z - 2 potions of haste
 A - 3 potions of might
 J - 2 potions of mutation
Miscellaneous
 U - a lightning rod (4/4) (quivered)


   Skills:
 + Level 16.1 Fighting
 - Level 19.7(20.0) Axes
 - Level 4.8(13.8) Maces & Flails
 - Level 3.4 Armour
 - Level 2.4 Dodging


You had 11 spell levels left.
You didn't know any spells.
Your spell library contained the following spells:

 Spells                   Type           Power      Damage    Failure   Level
 Freeze                   Ice            0%         1d3       94%         1
 Call Canine Familiar     Summ           0%         N/A       100%        3
 Frozen Ramparts          Ice            0%         1d1       100%        3
 Hailstorm                Conj/Ice       0%         3d5       100%        3
 Inner Flame              Hex/Fire       0%         N/A       100%        3
 Sigil of Binding         Hex            0%         N/A       100%        3
 Tukima's Dance           Hex            0%         N/A       100%        3
 Dimensional Bullseye     Hex/Tloc       0%         N/A       100%        4
 Iskenderun's Mystic Bla  Conj/Tloc      0%         2d3       100%        4
 Irradiate                Conj/Alch      0%         3d11      100%        5
 Ignition                 Fire           0%         3d3       100%        8


Dungeon Overview and Level Annotations

Branches:
Dungeon (10/15)            Temple (0/1) D:5            Lair (2/5) D:10
  Swamp (1/4) Lair:2      Ossuary (visited)          Bailey (visited)
  Snake: Lair:2-3    Spider: Lair:2-3       Orc: D:9-12

Altars:
Cheibriados
Dithmenos
Elyvilon
Fedhas
Kikubaaqudgha
Nemelex Xobeh
Ru
Sif Muna
Xom
Yredelemnul
Zin
The Shining One

Shops:
D:4 [   D:8 *   D:9 *


Innate Abilities, Weirdness & Mutations

You have a pair of horns on your head.
You reflexively headbutt those who attack you in melee.


Message History

The swamp dragon breathes poison at you.
The blast of poison misses you.
Unknown command.
You enter the shallow water.
Moving in this stuff is going to be slow.
You are engulfed in poison gas.
You are poisoned.
You feel very sick.
The swamp dragon breathes poison at you.
The blast of poison engulfs you!
You are more poisoned.
You are engulfed in poison gas.
You are more poisoned.
You feel extremely sick.
You are engulfed in poison gas.
You are more poisoned.
You feel extremely sick.
The swamp dragon breathes poison at you.
The blast of poison engulfs you.
You are more poisoned.
* * * LOW HITPOINT WARNING * * *
You feel extremely sick.
The swamp dragon breathes poison at you.
The blast of poison misses you.
You see here an eleionoma corpse.
Your skin crawls.
You feel strong-willed.
You are engulfed in poison gas.
You are more poisoned.
* * * LOW HITPOINT WARNING * * *
x2 You feel extremely sick.
You feel better.
You are engulfed in poison gas.
You are poisoned.
* * * LOW HITPOINT WARNING * * *
x2 You feel very sick.
You block the swamp dragon's attack. The swamp dragon closely misses you.
The swamp dragon misses you.
The swamp dragon breathes poison at you.
The blast of poison engulfs you.
You are lethally poisoned!
You die...

.~ ~~~... ~~~ .....#
♣.~§ ♣....#
♣~~.♣♣♣~~..#
~..~....~..#
....~~.~...#
♣.~~~○°~.°#
♣.~~~○☼...#
~~~.♣♣.~~○°@○.####.#
..♣~♣♣♣♣♣♣D○.......
♣♣~..~♣♣♣~.○♣♣..$...
♣..~.♣♣...~.~♣♣~.§~.
...♣..~~..♣♣ ♣~~~.
♣♣.♣..~~.♣♣ ♣♣♣♣
♣♣♣♣~.~.†§§~♣
♣..~♣.....~~♣
♣♣...≈≈.≈♣♣♣♣


You could see a swamp dragon (catching breath).

Vanquished Creatures
  Gastronok (Lair:1)
  An eleionoma (Swamp:1)
  Harold (Lair:2)
  4 hydras
  2 alligators (Swamp:1)
  6 two-headed ogres (D:10)
  The ghost of mihai the Thaumaturge, a journeyman DECj of Vehumet (D:10)
  A swamp dragon (Swamp:1)
  Pikel (D:5)
  A gargoyle (D:10)
  2 black mambas
  2 cane toads
  2 komodo dragons (Lair:2)
  3 trolls
  A polar bear (Lair:2)
  5 blink frogs (Lair:2)
  A tyrant leech (Lair:2)
  Eustachio (D:5)
  Sigmund (D:5)
  A shadow (D:10)
  A wyvern (D:10)
  18 yaks
  A wraith (D:10)
  2 steam dragons
  A basilisk (Lair:1)
  Menkaure (D:6)
  4 swamp worms
  Edmund (D:5)
  4 water moccasins
  2 laughing skulls (D:10)
  2 black bears
  2 ice beasts (D:6)
  9 orc warriors
  5 wolves (D:10)
  4 ogres
  4 lemures (D:5)
  4 kobold brigands
  A weeping skull (Ossuary)
  5 bullfrogs
  2 scorpions
  4 water moccasin zombies (Ossuary)
  5 wights (D:9)
  6 killer bees
  7 howler monkeys
  8 electric eels (D:10)
  12 hounds
  2 bombardier beetles (D:6)
  A spectral scorpion (Ossuary)
  3 orc priests
  3 sleepcaps
  Jessica (D:2)
  4 iguanas
  9 orc wizards
  A scorpion zombie (D:4)
  7 hell rats (Lair:1)
  A bullfrog simulacrum (Ossuary)
  A hound zombie (D:4)
  2 mummies (Ossuary)
  Robin (D:3)
  14 gnolls (D:4)
  7 adders
  2 white imps
  2 ufetubi (D:6)
  3 adder zombies (Ossuary)
  2 dart slugs
  A ribbon worm (D:4)
  54 orcs
  4 ball pythons
  9 endoplasms
  3 gnoll zombies (Ossuary)
  18 goblins
  9 hobgoblins
  18 jackals
  5 quokkas
  5 bats
  3 frilled lizards
  5 jackal zombies (Ossuary)
  25 kobolds
  6 orc zombies (Ossuary)
  5 rats
  A butterfly (D:5)
390 creatures vanquished.

Notes
Turn   | Place    | Note
-------+----------+-------------------------------------------
     0 | D:1      | MuskelNinja the Minotaur Berserker began the quest for the
                  | Orb.
     0 | D:1      | Reached XP level 1. HP: 19/19 MP: 0/0
   116 | D:1      | Reached XP level 2. HP: 15/27 MP: 1/1
   547 | D:1      | Reached XP level 3. HP: 33/33 MP: 2/2
   867 | D:2      | Noticed Jessica
   873 | D:2      | Reached ** piety under Trog
   878 | D:2      | Killed Jessica
  1080 | D:2      | Reached XP level 4. HP: 41/41 MP: 3/3
  1252 | D:2      | Identified the +11 broad axe of Ijuit {vamp, rC+}
  1455 | D:3      | Noticed Robin
  1462 | D:3      | Reached skill level 1 in Axes
  1467 | D:3      | Killed Robin
  1468 | D:3      | Reached skill level 2 in Axes
  1631 | D:3      | Reached XP level 5. HP: 39/47 MP: 4/4
  1686 | D:3      | Found a sacrificial altar of Ru.
  1692 | D:3      | Reached skill level 3 in Axes
  1922 | D:3      | Reached skill level 4 in Axes
  2099 | D:4      | Reached *** piety under Trog
  2135 | D:4      | Reached skill level 5 in Axes
  2136 | D:4      | Reached XP level 6. HP: 53/53 MP: 5/5
  2192 | D:4      | Reached skill level 6 in Axes
  2221 | D:4      | Reached skill level 7 in Axes
  2221 | D:4      | Reached XP level 7. HP: 49/60 MP: 6/6
  2233 | D:4      | Reached **** piety under Trog
  2420 | D:4      | Reached skill level 8 in Axes
  2567 | D:4      | Found Doint's Armour Shoppe.
  2910 | D:4      | Found a basalt altar of Yredelemnul.
  2973 | D:5      | Entered Level 5 of the Dungeon
  2992 | D:5      | Found a sand-covered staircase.
  3000 | Ossuary  | Entered an ossuary
  3007 | Ossuary  | Reached skill level 9 in Axes
  3023 | Ossuary  | Reached XP level 8. HP: 65/67 MP: 7/7
  3041 | Ossuary  | Reached skill level 10 in Axes
  3086 | Ossuary  | Reached ***** piety under Trog
  3299 | D:5      | Reached skill level 11 in Axes
  3392 | D:5      | Noticed Edmund
  3398 | D:5      | Killed Edmund
  3470 | D:5      | Noticed Pikel
  3483 | D:5      | Killed Pikel
  3484 | D:5      | Reached skill level 13 in Axes
  3484 | D:5      | Reached XP level 9. HP: 72/72 MP: 8/8
  3730 | D:5      | Noticed Sigmund
  3735 | D:5      | Killed Sigmund
  3759 | D:5      | Found the +6 shillelagh "Devastator" {shatter}
  3838 | D:5      | Found a staircase to the Ecumenical Temple.
  3925 | D:5      | Noticed Eustachio
  3931 | D:5      | Killed Eustachio
  3932 | D:5      | Reached skill level 14 in Axes
  4049 | D:6      | Reached skill level 5 in Fighting
  4099 | D:6      | Noticed Menkaure
  4106 | D:6      | Killed Menkaure
  4660 | D:7      | Found a snail-covered altar of Cheibriados.
  4663 | D:7      | Found a glowing golden altar of the Shining One.
  4984 | D:7      | Found a sparkling altar of Nemelex Xobeh.
  5098 | D:7      | Found a shimmering blue altar of Sif Muna.
  5139 | D:8      | Found Ea-nāṣir's Fine Metal Goods.
  5175 | D:8      | Found a flagged portal.
  5185 | Bailey   | Entered a bailey
  5301 | Bailey   | Reached XP level 10. HP: 91/91 MP: 9/9
  5373 | Bailey   | Reached skill level 10 in Fighting
  5496 | Bailey   | Identified the +3 ice dragon scales of the Spider Nest {rF-
                  | rC++ Will+ rCorr}
  5601 | D:8      | Found a shadowy altar of Dithmenos.
  5657 | D:8      | Found a shimmering altar of Xom.
  5767 | D:8      | Found a blossoming altar of Fedhas.
  5863 | D:8      | Found an ancient bone altar of Kikubaaqudgha.
  6094 | D:8      | Received a gift from Trog
  6550 | D:9      | Reached skill level 15 in Axes
  6680 | D:9      | You fall into a shaft and drop 1 floor!
  6680 | D:10     | Entered Level 10 of the Dungeon
  6695 | D:10     | Found a staircase to the Lair.
  6707 | D:10     | Reached skill level 16 in Axes
  6851 | D:10     | Identified the +6 whip "Emolikie" {venom, Int+3}
  7175 | D:9      | Found Zin's Purification Station.
  7176 | D:9      | Found a glowing silver altar of Zin.
  7315 | D:10     | Reached XP level 11. HP: 92/101 MP: 10/10
  7452 | D:10     | HP: 3/101 [electric eel/bolt of electricity (9)]
  7462 | D:10     | HP: 5/101 [electric eel/bolt of electricity (13)]
  7765 | D:10     | Noticed a two-headed ogre
  7773 | D:10     | Killed a two-headed ogre
  7774 | D:10     | Reached skill level 17 in Axes
  8028 | D:10     | Found a transporter.
  8028 | D:10     | Noticed a two-headed ogre
  8028 | D:10     | Identified the +1 dire flail "Acvaalid" {flame, rC+ Will-
                  | Str+3}
  8028 | D:10     | Noticed a two-headed ogre
  8029 | D:10     | Noticed mihai's ghost (journeyman DECj)
  8030 | D:10     | Noticed a two-headed ogre
  8030 | D:10     | Noticed a two-headed ogre
  8031 | D:10     | Noticed a two-headed ogre
  8039 | D:10     | Found a transporter.
  8043 | D:10     | Killed a two-headed ogre
  8043 | D:10     | Killed a two-headed ogre
  8044 | D:10     | Reached skill level 18 in Axes
  8044 | D:10     | Killed a two-headed ogre
  8046 | D:10     | Killed a two-headed ogre
  8047 | D:10     | Killed a two-headed ogre
  8047 | D:10     | Killed mihai's ghost
  8048 | D:10     | Reached skill level 19 in Axes
  8289 | D:10     | Found a white marble altar of Elyvilon.
  8826 | Lair:1   | Entered Level 1 of the Lair of Beasts
  8928 | Lair:1   | Noticed Gastronok
  8942 | Lair:1   | Killed Gastronok
  9010 | Lair:1   | Reached XP level 12. HP: 90/106 MP: 11/11
  9993 | Lair:2   | Noticed an eight-headed hydra
 10006 | Lair:2   | Killed a 14-headed hydra
 10477 | Lair:2   | Noticed Harold
 10484 | Lair:2   | Killed Harold
 10486 | Lair:2   | Reached ****** piety under Trog
 10487 | Lair:2   | Received a gift from Trog
 10660 | Lair:2   | Noticed a five-headed hydra
 10660 | Lair:2   | Noticed a four-headed hydra
 10664 | Lair:2   | Found a staircase to the Swamp.
 10672 | Lair:2   | Killed an 11-headed hydra
 10672 | Lair:2   | Killed a ten-headed hydra
 10928 | Swamp:1  | Entered Level 1 of the Swamp
 10951 | Swamp:1  | Noticed an alligator
 10953 | Swamp:1  | Noticed an alligator
 10958 | Swamp:1  | Killed an alligator
 10959 | Swamp:1  | Reached skill level 15 in Fighting
 10959 | Swamp:1  | Killed an alligator
 11011 | Swamp:1  | Noticed an eight-headed hydra
 11016 | Swamp:1  | Killed an 11-headed hydra
 11059 | Swamp:1  | Noticed an eleionoma
 11082 | Swamp:1  | Killed an eleionoma
 11091 | Swamp:1  | HP: 6/122 [swamp dragon] (11)]
 11091 | Swamp:1  | Killed from afar by a swamp dragon

Illustrated notes

Levels and vault maps discovered:
D:1:      minmay_arrival_stone_box, layout_basic
D:2:      layout_basic, minmay_pentomino_w2, uniq_jessica
D:3:      cheibrodos_helix_gallery, layout_rooms,
          nicolae_ru_great_annihilating_truth, chequers_hall_statues_corner_a,
          minmay_door_square, uniq_robin
D:4:      lemuel_castle_with_subvaults [lemuel_castle_interior_carwin_2],
          layout_rooms, lemuel_zombie_altar_yredelemnul, serial_shops,
          nicolae_shop_crystal, amcnicky_mini_rare_corridor_liquid
D:5:      layout_gridville, minmay_temple_entry_butterflies,
          chequers_ossuary_entry_cave, nrook_loot_triangle,
          dilly_guarded_unrand_devastator, uniq_sigmund, uniq_eustachio,
          uniq_pikel, uniq_edmund
D:6:      layout_rooms, kennysheep_generic_room_4, uniq_menkaure
D:7:      layout_basic, mainiacjoe_overflow_tiny_flanked, lemuel_blue_sif_altar,
          old_standard_altar, nemelex_dance_club_becter
D:8:      layout_basic, fedhas_altar_2, xom_butterflies, lemuel_doored_altar,
          mainiacjoe_overflow_24_doors, enter_bailey_8,
          nicolae_ea-nasir_strikes_again
D:9:      layout_cross, zin_purify
D:10:     layout_roguey, nicolae_elyvilon_temple_path, erik_lair_island,
          serial_bayou, serial_bayou_lagoon_b, serial_bayou_lake_a,
          serial_bayou_pond_b, serial_bayou_pond_d, gammafunk_ghost_smash
Lair:1:   layout_layer_cave, uniq_gastronok
Lair:2:   layout_regular_city, palyth_hydra_swamp_entry, grunt_megastairs_5,
          uniq_harold
Swamp:1:  layout_basic_swamp, evilmike_swamp_ruin_house_1,
          nicolae_swamp_decorative_isthmus, infiniplex_staircase_pool

Skill      XL: |  1  2  3  4  5  6  7  8  9 10 11 12 |
---------------+-------------------------------------+-----
Maces & Flails | 4 |  4.8
Fighting       | 4 9 10 11 16 | 16.1
Armour         | 3 |  3.4
Axes           | 2 5 7 9 13 14 16 19 | 19.7
Dodging        | |  2.4

Action                     |  1- 3 |  4- 6 |  7- 9 | 10-12 || total
---------------------------+-------+-------+-------+-------++-------
  Melee: Mace              |    59 |    11 |       |       ||    70
         Headbutt          |     5 |     6 |    16 |    51 ||    78
         Punch             |     1 |     2 |     2 |       ||     5
         Broad axe         |       |    78 |   194 |   310 ||   582
 Invoke: Berserk           |       |     2 |     2 |     6 ||    10
         Trog's Hand       |       |     1 |       |     2 ||     3
    Use: Scroll            |       |     7 |    14 |     6 ||    27
         Potion            |       |       |       |     4 ||     4
   Stab: Paralysed         |       |     1 |       |       ||     1
 Armour: Animal skin       |    17 |       |       |       ||    17
         Plate armour      |    54 |    88 |   141 |    14 ||   297
         Ice dragon scales |       |       |       |   304 ||   304
  Dodge: Dodged            |    46 |    72 |   141 |   234 ||   493
  Block: Kite shield       |       |       |       |   129 ||   129
